 Dungeon Crawl Stone Soup version 0.30-a0-672-gc3a7216ad8 (webtiles) character file.

Game seed: 9217368847775374346

707 browni3141 the Shooter (level 7, -3/60 HPs)
             Began as a Naga Hunter on Jan 19, 2023.
             Was an Initiate of Yredelemnul.
             Slain by an iguana (8 damage)
             ... on level 5 of the Dungeon.
             The game lasted 00:10:42 (5082 turns).

browni3141 the Shooter (Naga Hunter)                Turns: 5082, Time: 00:10:42

Health: -3/60      AC:  3    Str: 13    XL:     7   Next: 67%
Magic:  7/7        EV: 10    Int: 10    God:    Yredelemnul [......]
Gold:   259        SH:  0    Dex: 16    Spells: 6/6 levels left

rFire   . . .      SeeInvis +    a - +0 sling
rCold   . . .      Faith    +    (no shield)
rNeg    . . .      Spirit   .    q - +0 robe
rPois   +          Reflect  .    (no helmet)
rElec   .          Harm     .    i - scarf {+Inv}
rCorr   .          Rampage  .    (no gloves)
Will    .....                    (no barding)
Stlth   +++                      w - amulet of faith
HPRegen 0.30/turn                (no ring)
MPRegen 0.10/turn                (no ring)

@: very slow
A: AC +2, large, see invisible, deformed body, poison resistance, slowness 2,
spit poison 1, naga tail 1
a: Spit Poison, Renounce Religion, Evoke Invisibility, Recall Undead Harvest


You were on level 5 of the Dungeon.
You worshipped Yredelemnul.
Yredelemnul was noncommittal.
You visited 2 branches of the dungeon, and saw 6 of its levels.

You collected 259 gold pieces.

Inventory:

Hand Weapons
 a - a +0 sling (weapon)
 b - a +1 short sword of electrocution
 l - a +0 shortbow
 t - a +0 long sword
Missiles
 p - 2 poisoned darts
Armour
 c - a +0 leather armour
 i - a scarf of invisibility (worn)
 o - a +2 scale mail of fire resistance
 q - a +0 robe (worn)
Jewellery
 w - an amulet of faith (around neck)
Wands
 x - a wand of charming (1)
Scrolls
 d - a scroll of vulnerability
 f - a scroll of fog {unknown}
 g - a scroll of noise {unknown}
 j - a scroll of amnesia {unknown}
 m - 2 scrolls of enchant armour
 r - 2 scrolls of immolation
 v - a scroll of identify
Potions
 e - a potion of might {unknown}
 h - 2 potions of degeneration {unknown}
 k - 3 potions of curing {unknown}
 n - 2 potions of cancellation {unknown}
 s - 2 potions of lignification {unknown}
 u - a potion of attraction {unknown}


   Skills:
 - Level 2.0 Fighting
 * Level 1.9 Long Blades
 * Level 7.5 Ranged Weapons
 - Level 1.5 Dodging
 - Level 5.0 Stealth


You had 6 spell levels left.
You didn't know any spells.
Your spell library contained the following spells:

 Spells                   Type           Power      Damage    Failure   Level
 Magic Dart               Conj           0%         1d3       36%         1
 Summon Small Mammal      Summ           0%         N/A       36%         1
 Blink                    Tloc           0%         N/A       50%         2
 Call Imp                 Summ           0%         N/A       50%         2
 Lesser Beckoning         Tloc           0%         N/A       50%         2
 Momentum Strike          Conj/Tloc      0%         3d8       50%         2
 Call Canine Familiar     Summ           0%         N/A       75%         3
 Frozen Ramparts          Ice            0%         1d1       75%         3
 Mephitic Cloud           Conj/Pois/Air  0%         N/A       75%         3
 Portal Projectile        Hex/Tloc       0%         N/A       75%         3
 Summon Guardian Golem    Hex/Summ       0%         N/A       75%         3
 Ice Form                 Ice/Tmut       0%         N/A       98%         4
 Leda's Liquefaction      Hex/Erth       0%         N/A       98%         4
 Summon Ice Beast         Ice/Summ       0%         N/A       98%         4


Dungeon Overview and Level Annotations

Branches:
Dungeon (5/15)             Temple (1/1) D:4

Altars:
Dithmenos
Elyvilon
Gozag
Hepliaklqana
Kikubaaqudgha
Makhleb
Nemelex Xobeh
Okawaru
Qazlal
Ru
Sif Muna
Trog
Vehumet
Wu Jian
Xom
Yredelemnul
Zin
The Shining One


Innate Abilities, Weirdness & Mutations

Your serpentine skin is tough. (AC +2)
You have supernaturally acute eyesight. (SInv)
Armour fits poorly on your strangely shaped body.
Your system is resistant to poisons. (rPois)
You cover ground very slowly.
You can spit poison.
You have a snake-like lower body.


Message History

The hound closely misses you. x2
You hit the hound.
The hound is lightly wounded.
You have got your breath back.
The iguana barely misses you. The hound completely misses you.
Your orc zombie hits the hound but does no damage.
You hit the hound but do no damage.
The hound is lightly wounded.
The hound bites you. The iguana bites you!
Your orc zombie barely misses the hound.
The hound barely misses you.
Your +1 short sword of electrocution stops crackling.
a - a +0 sling (weapon)
The iguana closely misses you.
You shoot a sling bullet. The sling bullet hits the hound.
The hound is heavily wounded.
The hound bites you but does no damage.
Your orc zombie hits the hound but does no damage.
The hound bites you. The iguana bites you.
You shoot a sling bullet.
The sling bullet closely misses the hound.
The hound barely misses you. The iguana barely misses you.
Your orc zombie hits the hound but does no damage.
The hound misses you.
You shoot a sling bullet. The sling bullet hits the hound.
The hound is severely wounded.
The hound bites you. The iguana bites you!
Your orc zombie hits the hound but does no damage.
You shoot a sling bullet. The sling bullet misses the hound.
The hound bites you.
* * * LOW HITPOINT WARNING * * *
The iguana bites you!
* * * LOW HITPOINT WARNING * * *
The hound bites you but does no damage.
Your orc zombie completely misses the hound.
You shoot a sling bullet.
The sling bullet barely misses the hound.
The hound closely misses you. The iguana bites you!
You die...
Your body rises from the dead as a mindless zombie.

######
##########....#
..(......[<...#
##.....l@.....#
......Zh##....#
....
.........######
.......
....)....#
.......
.........#
......)
.........#
.......
.........#
.......
..........
.......
.^........


You could see an iguana, a hound (ally target) and a friendly orc zombie.

Vanquished Creatures
  Grinder (D:4)
  2 hounds
  3 orc priests
  Ijyb (D:4)
  2 iguanas (D:4)
  Terence (D:2)
  Natasha (thrice) (D:2)
  An orc wizard (D:4)
  A gnoll (D:1)
  4 adders
  3 worms
  4 dart slugs
  11 orcs
  6 ball pythons
  6 endoplasms
  5 giant cockroaches
  8 goblins
  A hobgoblin (D:4)
  4 jackals (D:1)
  6 quokkas
  11 bats
  3 frilled lizards
  7 kobolds
  6 rats
100 creatures vanquished.

Vanquished Creatures (collateral kills)
  An adder (D:4)
1 creature vanquished.

Vanquished Creatures (others)
  An orc zombie (D:4)
1 creature vanquished.

Grand Total: 102 creatures vanquished

Notes
Turn   | Place    | Note
-------+----------+-------------------------------------------
     0 | D:1      | browni3141 the Naga Hunter began the quest for the Orb.
     0 | D:1      | Reached XP level 1. HP: 19/19 MP: 1/1
     3 | D:1      | Noticed an electric eel
     4 | D:1      | Noticed an electric eel
    60 | D:1      | Found a faded altar of an unknown god.
   124 | D:1      | Reached skill level 4 in Ranged Weapons
   124 | D:1      | Reached XP level 2. HP: 26/26 MP: 2/2
   265 | D:1      | Reached XP level 3. HP: 27/32 MP: 3/3
   835 | D:2      | Noticed Natasha
   841 | D:2      | Killed Natasha
   842 | D:2      | Reached skill level 5 in Ranged Weapons
   842 | D:2      | Reached XP level 4. HP: 22/39 MP: 4/4
  1107 | D:2      | Noticed Terence
  1113 | D:2      | Killed Terence
  1421 | D:2      | Noticed Natasha
  1428 | D:2      | Killed Natasha
  1429 | D:2      | Reached XP level 5. HP: 32/45 MP: 5/5
  1578 | D:2      | Noticed Natasha
  1584 | D:2      | Killed Natasha
  1585 | D:2      | Reached skill level 5 in Stealth
  2417 | D:3      | Found a sacrificial altar of Ru.
  2418 | D:3      | Found a stormy altar of Qazlal.
  2884 | D:3      | Reached XP level 6. HP: 52/52 MP: 6/6
  3022 | D:3      | Reached skill level 6 in Ranged Weapons
  3381 | D:4      | Noticed Grinder
  3392 | D:4      | Paralysed by Grinder for 2 turns
  3397 | D:4      | Paralysed by Grinder for 5 turns
  3405 | D:4      | Killed Grinder
  3406 | D:4      | Reached skill level 7 in Ranged Weapons
  3406 | D:4      | Reached XP level 7. HP: 29/60 MP: 7/7
  3594 | D:4      | Found a staircase to the Ecumenical Temple.
  3631 | Temple   | Entered the Ecumenical Temple
  3823 | Temple   | Became a worshipper of Yredelemnul the Dark
  4457 | D:5      | Entered Level 5 of the Dungeon
  4670 | D:4      | Reached skill level 1 in Long Blades
  4827 | D:5      | Noticed Ijyb
  4854 | D:4      | Killed Ijyb
  5082 | D:5      | Slain by an iguana

Illustrated notes

Levels and vault maps discovered:
D:1:      arrival_aquarium_b, layout_loops_ring,
          ebering_ecumenical_altar_abandoned
D:2:      layout_basic, uniq_terence, uniq_natasha
D:3:      minmay_evil_eye, layout_loops_cross, jmf_multi_god_temple,
          kennysheep_generic_room_7
D:4:      layout_loops_ring, minmay_temple_entry_arrows, uniq_grinder
D:5:      layout_rooms, gammafunk_temple_overflow_wave, uniq_ijyb, uniq_edmund
Temple:   nicolae_temple_bog_church

Skill      XL: |  1  2  3  4  5  6  7 |
---------------+----------------------+-----
Ranged Weapons | 4 5 7 |  7.5
Stealth        | 2 4 5 |  5.0
Long Blades    | 1 |  1.9
Fighting       | |  2.0
Dodging        | |  1.5

Action                   |  1- 3 |  4- 6 |  7- 9 || total
-------------------------+-------+-------+-------++-------
Melee: Long sword        |       |    15 |       ||    15
       Short sword       |       |    11 |    36 ||    47
       Sling             |       |       |     2 ||     2
       Punch             |       |       |     1 ||     1
 Fire: Shortbow          |    71 |    10 |       ||    81
       Sling             |       |   205 |    90 ||   295
Throw: Dart              |       |       |     2 ||     2
 Abil: Spit Poison       |     2 |     9 |     8 ||    19
  Use: Scroll            |       |     2 |       ||     2
Armor: Leather armour    |     6 |       |       ||     6
       Robe              |       |    23 |    18 ||    41
Dodge: Dodged            |    17 |    68 |    62 ||   147

Table legend: (Time is in decaauts)
 A = Elapsed time spent in this place.
 B = Non-inter-level travel time spent in this place.
 C = Inter-level travel time spent in this place.
 D = Time resting spent in this place.
 E = Time spent auto-exploring this place.
 F = Levels seen in this place.
 G = Mean time per level.
                   A        B        C        D        E       F      G
               +--------+--------+--------+--------+--------+-----+--------+
         Total |   6371 |   6103 |    268 |    568 |   4616 |   6 | 1061.8 |
       Dungeon |   6068 |   5868 |    200 |    568 |   4399 |   5 | 1213.6 |
        Temple |    302 |    234 |     68 |      0 |    217 |   1 |  302.0 |
               +--------+--------+--------+--------+--------+-----+--------+

Top non-repeatable levels by time:
     D:4: 2000 daAuts
     D:2: 1819 daAuts
     D:3: 1228 daAuts
     D:1: 952 daAuts
  Temple: 302 daAuts
     D:5: 68 daAuts
